[Event "Early-Titled-Tuesday-Blitz-September-05-2023"]
[Site "Chess.com"]
[Date "2023.09.05"]
[Round "3"]
[White "PavelChernomordik"]
[Black "Zhani-Z"]
[Result "1-0"]
[WhiteElo "2510"]
[BlackElo "2288"]
[TimeControl "180+1"]
[EndTime "8:28:16 PDT"]
[Termination "PavelChernomordik won by resignation"]

1. e4 c5 2. Nc3 e6 3. f4 d5 4.
Nf3 dxe4 5. Bb5+ Bd7 6. Bxd7+ Qxd7 7. Ne5 Qd8 8. Nxe4 Nh6 9. Qe2 Nd7 10. d3 Be7 11. Bd2 Nf5 12. c3 Nxe5 13. fxe5 Qd5 14.
Bf4 O-O-O 15. Rd1 g5 16. Nxg5 Bxg5 17. Bxg5 Rdg8 18. Bf6 Rxg2 19. Qe4 Rhg8 20. Rd2 Rxd2 21. Kxd2 Rg2+ 22. Kc1 Qxe4 23. dxe4 Ne3 24. Re1 Ng4 25. Rd1 Nxf6 26. exf6 Rxh2 27. Rg1 Rh6 28. e5 Rh5 29. Rg7 Rxe5 30. Rxh7 Rf5 31. Rxf7 e5 32.
Kd2 Rf2+ 33. Ke3 Rxb2 34. Rf8+ Kd7 35. Ke4 Re2+ 36. Kd5 Rxa2 37. Rf7+ Ke8 38. Rxb7 e4 39. Ke6 Kd8 40. f7 Rf2 41. Rb8+ Kc7 42. f8=Q Rxf8 43.
Rxf8 e3 44. Rf1 a5 45. Kd5 a4 46. Kxc5 1-0

[Event "Early-Titled-Tuesday-Blitz-September-05-2023"]
[Site "Chess.com"]
[Date "2023.09.05"]
[Round "3"]
[White "karinachess1"]
[Black "Magila31"]
[Result "1/2-1/2"]
[WhiteElo "2604"]
[BlackElo "2440"]
[TimeControl "180+1"]
[EndTime "8:28:17 PDT"]
[Termination "Game drawn by repetition"]

1. c4 g6 2. Nf3 Bg7 3. g3 Nf6 4. Bg2 O-O 5. O-O c6 6. d4 d6 7.
b3 a5 8. Nc3 Bf5 9. Bb2 Ne4 10.
Nh4 Nxc3 11. Bxc3 Bc8 12. e4 e5 13. Nf3 Nd7 14. Qc2 b5 15. Rad1 Qc7 16. Bb2 bxc4 17. bxc4 exd4 18. Bxd4 Bxd4 19. Rxd4 Nc5 20. Rfd1 Rd8 21. e5 Bf5 22. Qd2 d5 23. cxd5 cxd5 24. Rxd5 Rxd5 25. Qxd5 Be4 26. Qd6 Qb7 27. Qxc5 Bxf3 28.
Bxf3 Qxf3 29. Qd5 Qxd5 30. Rxd5 a4 31. Kg2 Kf8 32. g4 Ke7 33. Kg3 Ke6 34. Rb5 g5 35. f4 gxf4+ 36. Kxf4 Rc8 37. Rb6+ Ke7 38. Ra6 Rc2 39.
Rxa4 Rxh2 40. Ra7+ Ke6 41. Ra6+ Ke7 42. a4 h6 43.
Ra7+ Ke6 44. Ra6+ Ke7 45. a5 Rf2+ 46. Ke3 Rg2 47. Kf3 Ra2 48. Kf4 Rf2+ 49. Ke3 Rg2 50.
Rxh6 Rxg4 51. Ra6 Ra4 52. Kd3 Kd7 53. Kc3 Re4 54. Rf6 Rxe5 55. Rxf7+ Kc6 56. Kb4 Re4+ 57.
Ka3 Re3+ 58. Kb4 Re4+ 59. Kb3 Re3+ 60. Kc4 Re4+ 61. Kb3 Re3+ 62. Kb4 Re4+ 1/2-1/2

[Event "Early-Titled-Tuesday-Blitz-September-05-2023"]
[Site "Chess.com"]
[Date "2023.09.05"]
[Round "3"]
[White "Mikhail_Golubev"]
[Black "Der_Balak_3Halak"]
[Result "1-0"]
[WhiteElo "2596"]
[BlackElo "2404"]
[TimeControl "180+1"]
[EndTime "8:28:17 PDT"]
[Termination "Mikhail_Golubev won by checkmate"]

1. e4 c5 2. Nf3 Nc6 3. Nc3 e5 4. Bc4 d6 5. d3 Be7 6. Nd2 a6 7.
Nf1 Bg5 8. Qh5 g6 9. Qxg5 Qxg5 10. Bxg5 Nd4 11. O-O-O b5 12. Bd5 Rb8 13. Ng3 Bg4 14.
f3 Be6 15. Nge2 h6 16. Be3 b4 17. Bxd4 cxd4 18. Bc6+ Kd8 19. Nd5 Rc8 20. Bb7 Rb8 21. Bxa6 Ne7 22. Nxe7 Kxe7 23. Bc4 Ra8 24. Kb1 Ra7 25. Nc1 Bd7 26. g3 g5 27. h4 g4 28.
f4 f6 29. Rhf1 h5 30. Rf2 Rf8 31. a3 bxa3 32. b3 a2+ 33. Nxa2 Rb8 34. Kb2 Rba8 35.
Nc1 Ra1 36. fxe5 dxe5 37. Rdf1 f5 38. exf5 Kf6 39. b4 Bc6 40. Na2 Rxf1 41. Rxf1 Bg2 42. Rf2 Bf3 43. Nc1 Rb8 44. Kb3 Kxf5 45. Bd5 Rf8 46.
Bxf3 Ke6 47. Bxg4+ hxg4 48. Rxf8 e4 49. Rf1 e3 50. Ne2 Ke5 51. Kb2 Kd5 52. Kc1 Ke5 53. Kd1 Kd5 54. Ke1 Ke5 55. b5 Kd5 56. b6 Kc6 57. b7 Kb6 58. h5 Kc7 59. h6 Kb8 60. h7 Ka7 61. Nxd4 Kxb7 62. Rf6 Kc7 63. h8=Q e2 64.
Qg7+ Kd8 65. Rf8# 1-0

[Event "Early-Titled-Tuesday-Blitz-September-05-2023"]
[Site "Chess.com"]
[Date "2023.09.05"]
[Round "3"]
[White "suspiciumchess"]
[Black "PhileKhoob"]
[Result "1-0"]
[WhiteElo "2318"]
[BlackElo "2436"]
[TimeControl "180+1"]
[EndTime "8:28:17 PDT"]
[Termination "suspiciumchess won by resignation"]

1. d4 Nf6 2. c4 e6 3. g3 Bb4+ 4. Bd2 Qe7 5. Bg2 O-O 6. e3 c5 7. Ne2 cxd4 8. exd4 d5 9. O-O dxc4 10. Qc2 Nc6 11. Qxc4 Bxd2 12. Nxd2 Rd8 13. Nf3 Bd7 14. Ne5 Rac8 15. Qb3 Na5 16. Qe3 Nc4 17. Qd3 Nxb2 18. Qb3 Na4 19. Qxb7 Nb6 20. Qxa7 Nbd5 21.
Rfc1 Ra8 22. Qc5 Qe8 23. Qc2 Ba4 24. Qd2 Rdb8 25. Nc3 Nxc3 26. Qxc3 Ra7 27. Rab1 g6 28. Qc5 Rxb1 29. Rxb1 Qe7 30. Rb8+ Kg7 31. Qxe7 Rxe7 32. Ra8 Bc2 33. a4 Be4 34. Bxe4 Nxe4 35. a5 f6 36. Nc6 Rc7 37. Ra7 Rxa7 38. Nxa7 Nd6 39. a6 Nc4 40. Nb5 Nb6 41. Nc7 Nc8 42. Nxe6+ Kf7 43. Nc7 Ke7 44. Nb5 Kd7 45. d5 Nb6 46. Kg2 Kc8 47. d6 Kd7 48.
Kf3 Kc6 49. a7 Kb7 50. Ke4 Nc8 51. d7 1-0

[Event "Early-Titled-Tuesday-Blitz-September-05-2023"]
[Site "Chess.com"]
[Date "2023.09.05"]
[Round "3"]
[White "bazar-wokzal"]
[Black "Apocalyps999"]
[Result "1-0"]
[WhiteElo "2537"]
[BlackElo "2303"]
[TimeControl "180+1"]
[EndTime "8:28:18 PDT"]
[Termination "bazar-wokzal won by checkmate"]

1. e4 e5 2. Bc4 Nf6 3. d3 c6 4. Nf3 d5 5. Bb3 Bd6 6. Nc3 dxe4 7. Ng5 O-O 8. Ncxe4 Nxe4 9. Nxe4 Be7 10.
Qh5 Nd7 11. h4 Nf6 12. Qxe5 Bb4+ 13. Kf1 Nxe4 14. Qxe4 Bd6 15. Bg5 Qc7 16. Re1 h6 17. Bd2 Bd7 18. g3 Rae8 19. Qf3 Rxe1+ 20. Bxe1 c5 21. Bd5 b6 22. Kg2 Be6 23. Bc3 Bxd5 24.
Qxd5 Rd8 25. Qe4 Bf8 26. Re1 b5 27. b3 Qb6 28. a4 b4 29. Bb2 a5 30. Re3 Rc8 31.
Qd5 Qd8 32. Qxd8 Rxd8 33. Kf3 Rd5 34. Re8 f6 35. Ke4 Rd7 36. Bc1 Re7+ 37. Rxe7 Bxe7 38. Kd5 Kf7 39. Be3 c4 40. dxc4 Bd8 41. c5 g5 42.
hxg5 hxg5 43. c6 f5 44. Bxg5 Bxg5 45. c7 f4 46. c8=Q fxg3 47. Qf5+ Bf6 48. fxg3 Kg7 49.
g4 Be7 50. Ke6 Bf8 51. g5 Kg8 52. Qf7+ Kh8 53. g6 Bg7 54. Qe8+ Bf8 55. Qxf8# 1-0

[Event "Early-Titled-Tuesday-Blitz-September-05-2023"]
[Site "Chess.com"]
[Date "2023.09.05"]
[Round "3"]
[White "Roedor"]
[Black "temiksmozg"]
[Result "1/2-1/2"]
[WhiteElo "2460"]
[BlackElo "2629"]
[TimeControl "180+1"]
[EndTime "8:28:19 PDT"]
[Termination "Game drawn by repetition"]

1. d4 d5 2. c4 e6 3. g3 c6 4. Bg2 dxc4 5. Nf3 b5 6. O-O Bb7 7. a4 a6 8. Nc3 Nd7 9. Ne5 Nxe5 10. dxe5 Qb6 11. Be3 Qc7 12. axb5 cxb5 13. Nxb5 axb5 14.
Rxa8+ Bxa8 15. Bxa8 Bc5 16. Qd2 Ne7 17. Ra1 O-O 18. Bxc5 Qxc5 19. Qd6 Qxd6 20. exd6 Nf5 21.
d7 Rd8 22. Bc6 Nd4 23. Ra8 Nxc6 24. Rc8 Kf8 25. Rxc6 Rxd7 26. Rb6 Rd5 27. e4 Re5 28. f3 f5 29. exf5 exf5 30. Kf2 Kf7 31. f4 Rd5 32.
Ke3 Rd3+ 33. Ke2 Rb3 34. h3 Rxb2+ 35. Ke3 Rb3+ 36. Kd4 Rxg3 37. Rxb5 Rxh3 38. Rxf5+ Kg6 39. Rg5+ Kf6 40. Rc5 c3 41. Ke4 g6 42. Rc6+ Kg7 43. f5 g5 44. Rc7+ Kf6 45. Rc6+ Ke7 46. f6+ Kf7 47. Kf5 Rf3+ 48. Kxg5 h6+ 49. Kg4 Rd3 50. Kf5 Rf3+ 51. Kg4 Rd3 52. Kf5 Rf3+ 53. Kg4 1/2-1/2

[Event "Early-Titled-Tuesday-Blitz-September-05-2023"]
[Site "Chess.com"]
[Date "2023.09.05"]
[Round "3"]
[White "Andrei_Skvortsov"]
[Black "sergiochess83"]
[Result "0-1"]
[WhiteElo "2643"]
[BlackElo "2942"]
[TimeControl "180+1"]
[EndTime "8:28:20 PDT"]
[Termination "sergiochess83 won by resignation"]

1. e4 e6 2. d4 d5 3. exd5 exd5 4. Nf3 Bd6 5. c4 Nf6 6. Nc3 O-O 7. cxd5 Re8+ 8.
Be2 Nbd7 9. O-O Nf8 10. h3 Ng6 11. Bb5 Bd7 12. Bc4 h6 13. a4 a6 14. a5 Bf5 15.
Re1 Qd7 16. Be3 Re7 17. Bf1 Rae8 18. Qb3 Qc8 19. Na4 Be4 20. Nc5 Bxd5 21. Qd1 Ne4 22. b4 c6 23. Rc1 Bb8 24. Bc4 Bxc4 25. Nxe4 Rxe4 26. Rxc4 Qd7 27. Nd2 R4e7 28. Qg4 Qxg4 29. hxg4 Nf4 30. Nf3 Nd5 31. Bd2 Rxe1+ 32. Nxe1 Re4 33.
f3 Re2 34. Rc2 Bd6 35. Kf1 Re6 36. Nd3 Ne3+ 37. Bxe3 Rxe3 38. Rd2 Kf8 39. Kf2 Re8 40. Nc5 Bxc5 41. dxc5 Ke7 42. Ke3 Rd8 43. Rd4 Rxd4 44. Kxd4 Ke6 45. Ke4 f6 46. g3 g6 47. f4 f5+ 48.
gxf5+ gxf5+ 49. Kd4 Kf6 50. Kc4 Ke6 51. Kd4 Kf6 52.
Kd3 Kg6 53. Kd4 Kh5 54. Ke3 Kg4 55. Kf2 h5 56. Kg2 h4 57. gxh4 Kxh4 58. Kf3 Kh3 59. Ke3 Kg4 0-1

[Event "Early-Titled-Tuesday-Blitz-September-05-2023"]
[Site "Chess.com"]
[Date "2023.09.05"]
[Round "3"]
[White "ShiroglanTalibov"]
[Black "OparinGrigoriy"]
[Result "0-1"]
[WhiteElo "2777"]
[BlackElo "2990"]
[TimeControl "180+1"]
[EndTime "8:28:21 PDT"]
[Termination "OparinGrigoriy won on time"]

1. e4 c5 2. Nf3 Nc6 3. d4 cxd4 4. Nxd4 e5 5. Nb5 d6 6. c4 Nf6 7. Bd3 g6 8. Bg5 Bg7 9. N1c3 a6 10. Na3 h6 11. Bh4 O-O 12. Nc2 g5 13. Bg3 Bg4 14.
f3 Be6 15. Bf2 Nh5 16. Ne3 Nf4 17. O-O Nd4 18. Ncd5 Rc8 19. Rc1 h5 20. Nxf4 exf4 21. Nd5 Nc6 22. c5 Ne5 23. Be2 h4 24. h3 Kh8 25.
Qd2 Rc6 26. Nb4 Rxc5 27. Bxc5 dxc5 28. Nd5 Nc6 29. Kh1 Bd4 30. Bc4 b5 31. Bd3 Kg7 32. Bb1 f6 33. Rfd1 a5 34. Qe2 b4 35. Bd3 Bxd5 36. exd5 Ne5 37. Be4 f5 38. Bb1 Qxd5 39. b3 Qd6 40. Qb5 g4 41. Qe2 gxf3 42. gxf3 Kf6 43.
Qc2 Qd7 44. Qe2 Rg8 45. Qa6+ Qe6 46. Qb7 Rg3 47. Rf1 Rxh3+ 48. Kg2 Rg3+ 49. Kh2 Qe7 50.
Qb6+ Kg5 51. Bxf5 Nxf3+ 52. Rxf3 Qe2+ 0-1

[Event "Early-Titled-Tuesday-Blitz-September-05-2023"]
[Site "Chess.com"]
[Date "2023.09.05"]
[Round "3"]
[White "hsd2016"]
[Black "subham777"]
[Result "0-1"]
[WhiteElo "2270"]
[BlackElo "2552"]
[TimeControl "180+1"]
[EndTime "8:28:21 PDT"]
[Termination "subham777 won by resignation"]

1. e4 e6 2. d4 d5 3. Nd2 c5 4.
Ngf3 Nc6 5. c3 cxd4 6. cxd4 dxe4 7. Nxe4 Be7 8. Be3 Nf6 9. Bd3 O-O 10. O-O Nb4 11.
Bb1 Bd7 12. a3 Nbd5 13. Bg5 Nxe4 14. Bxe7 Nxf2 15. Bxh7+ Kh8 16. Bxd8 Nxd1 17. Rfxd1 Kxh7 18. Bg5 Rac8 19. Rac1 Rxc1 20. Rxc1 Rc8 21. Ne5 Rxc1+ 22. Bxc1 Be8 23. Kf2 f6 24. Nf3 g5 25. h3 Kg6 26. Ke2 Bb5+ 27. Kf2 Kf5 28. Nd2 Nf4 29. Nb3 Bc4 30. Nc5 b6 31. Bxf4 bxc5 32. Be3 cxd4 33. Bxd4 a6 34. Ke3 Bf1 35. Kf2 Bc4 36. Ke3 e5 37. Bc3 Bf1 38. Kf2 Bc4 39. Ke3 Bd5 40.
g3 Bg2 41. h4 gxh4 42. gxh4 Kg4 43. Ba5 Kxh4 44. Bd8 Kg5 45. b4 Kg6 46. a4 Bc6 47. a5 f5 48. Bc7 Kf6 49. Bd8+ Ke6 50. Bc7 Kd5 51. Bd8 f4+ 52. Kf3 Kd4+ 53. Ke2 Bb5+ 54.
Kf2 Ke4 55. Bb6 Kf5 56. Kf3 e4+ 57. Kf2 Kg4 58. Bc7 e3+ 59. Ke1 Kf3 60. Bb6 Ke4 61.
Bc7 f3 62. Bg3 Kd3 63. Kd1 f2 0-1

[Event "Early-Titled-Tuesday-Blitz-September-05-2023"]
[Site "Chess.com"]
[Date "2023.09.05"]
[Round "3"]
[White "CixPer1968"]
[Black "noblerone"]
[Result "1/2-1/2"]
[WhiteElo "2175"]
[BlackElo "2539"]
[TimeControl "180+1"]
[EndTime "8:28:21 PDT"]
[Termination "Game drawn by repetition"]

1. d4 d5 2. c4 c6 3. Nf3 Nf6 4. Nc3 dxc4 5. a4 Bf5 6. e3 e6 7. Bxc4 Bb4 8. O-O O-O 9. Qe2 Bg6 10. Rd1 Nbd7 11. Bd3 Bxd3 12. Qxd3 Qa5 13. Bd2 Rad8 14.
Qe2 Rfe8 15. e4 e5 16. Rac1 h6 17. h3 exd4 18. Nxd4 Nc5 19. Nf5 Nb3 20. Rc2 Nxd2 21. Rcxd2 Rxd2 22. Rxd2 Bxc3 23. bxc3 Rxe4 24. Qf3 Re1+ 25.
Kh2 Qe5+ 26. g3 Qe4 27. Qxe4 Rxe4 28. Rd8+ Kh7 29. Rb8 b6 30. Rb7 Kg6 31. Nd6 Re2 32.
Kg2 Ne4 33. Nxe4 Rxe4 34. Rxa7 Rc4 35. Ra6 Rxc3 36. Rxb6 f6 37. a5 c5 38. a6 Ra3 39.
Rc6 Ra5 40. a7 Rxa7 41. Rxc5 h5 42. h4 Ra2 43. Rc4 Ra5 44. Rf4 Kf7 45. Rb4 Ke6 46.
Rb7 g6 47. Rb4 Ke5 48. Rc4 Rd5 49. Rb4 Rd4 50. Rb5+ Ke4 51. Rb6 Kf5 52. Rb5+ Ke6 53.
Rb6+ Ke5 54. Rb5+ Rd5 55. Rb6 Kf5 56. Rb4 g5 57. hxg5 fxg5 58. Ra4 g4 59. Rf4+ Kg5 60. Ra4 Rf5 61. Rd4 Rf6 62. Rd5+ Rf5 63. Rd4 Rf6 64. Rd5+ Rf5 65. Rd4 1/2-1/2

[Event "Early-Titled-Tuesday-Blitz-September-05-2023"]
[Site "Chess.com"]
[Date "2023.09.05"]
[Round "3"]
[White "EddieUrquhart"]
[Black "GrigorGrigorov"]
[Result "0-1"]
[WhiteElo "2380"]
[BlackElo "2870"]
[TimeControl "180+1"]
[EndTime "8:28:22 PDT"]
[Termination "GrigorGrigorov won by resignation"]

1. e4 c6 2. Bc4 d5 3. Bb3 g6 4. exd5 cxd5 5. d4 Bg7 6. Nf3 Nc6 7. c3 Bg4 8. O-O e6 9. Nbd2 Nge7 10. h3 Bxf3 11. Nxf3 O-O 12. Bf4 Nf5 13. Re1 Nd6 14.
Ne5 Rc8 15. Nxc6 Rxc6 16. Bc2 Nc4 17. Rb1 b5 18. Bd3 Qb6 19. Qe2 b4 20. Bxc4 Rxc4 21.
Bd2 bxc3 22. bxc3 Qa5 23. Rb2 h5 24. Reb1 Qa6 25. Be1 Ra4 26. Qxa6 Rxa6 27. Kf1 Bh6 28. Ke2 Kg7 29. Bd2 Bxd2 30. Kxd2 Rc8 31. Rc1 g5 32.
Kd3 Rc4 33. g3 Kf6 34. f3 Rca4 35. Rcc2 Kf5 36. Re2 h4 37. Re5+ Kf6 38. gxh4 gxh4 39. Rh5 Rxa2 40. Rxa2 Rxa2 41. Rxh4 Rh2 42. Rh8 Kf5 43.
Ke3 a5 44. Ra8 Ra2 45. h4 a4 46. Ra7 f6 47. f4 Rh2 48. Rxa4 Rxh4 49. Ra6 Rh3+ 50.
Kd2 Rf3 51. Ra8 Kxf4 52. Rh8 Ke4 53. Re8 e5 54. dxe5 fxe5 55. Rh8 Rf2+ 56. Ke1 Rc2 57.
Rh4+ Kd3 58. Rh3+ Kc4 59. Rh5 e4 60. Kd1 Rxc3 61. Kd2 Rd3+ 62. Ke2 Kd4 63. Rh8 Ra3 64. Rb8 Ra2+ 65. Ke1 e3 66. Rb4+ Kd3 67. Rb1 d4 68.
Rb3+ Ke4 69. Rb8 Ra1+ 0-1

[Event "Early-Titled-Tuesday-Blitz-September-05-2023"]
[Site "Chess.com"]
[Date "2023.09.05"]
[Round "3"]
[White "SashaKuzhilniy"]
[Black "Zkid"]
[Result "0-1"]
[WhiteElo "2617"]
[BlackElo "2857"]
[TimeControl "180+1"]
[EndTime "8:28:25 PDT"]
[Termination "Zkid won by resignation"]

1. e4 e6 2. d4 d5 3. exd5 exd5 4.
Nf3 Nc6 5. Bd3 Bd6 6. O-O Bg4 7. Re1+ Nge7 8. c3 Qd7 9. Nbd2 O-O 10. Nf1 Rfe8 11.
Ng3 Ng6 12. Be3 Nh4 13. Be2 Bxf3 14. Bxf3 Nxf3+ 15. Qxf3 Bxg3 16. hxg3 Re6 17. Bd2 Rae8 18. Rxe6 Rxe6 19. Re1 Nd8 20. Re5 c6 21. Qe2 f6 22.
Rxe6 Nxe6 23. g4 Kf7 24. Qd3 h6 25. Qg3 Qc7 26. Qxc7+ Nxc7 27. f3 Ke6 28. Kf2 g5 29. Ke3 Nb5 30. Kd3 Nd6 31. b3 f5 32. gxf5+ Nxf5 33.
g4 Nh4 34. f4 Kf6 35. c4 Ng6 36.
fxg5+ hxg5 37. a4 Ne7 38. Ke3 Ng8 39. Kf3 Kg6 40. Be3 Nf6 41. Bc1 Ne4 42. Be3 Kf6 43.
Ke2 Ke6 44. Kd3 b6 45. Ke2 a6 46. Kd3 Kd6 47. Ke2 Ke6 48. Kd3 Kf6 49. Ke2 Kg6 50. Kd3 Nf6 51. c5 bxc5 52. dxc5 Nxg4 53. Bd4 Kf5 54. b4 Ne5+ 55. Ke3 g4 56. Kf2 Nd3+ 57. Kg3 Nxb4 0-1

[Event "Early-Titled-Tuesday-Blitz-September-05-2023"]
[Site "Chess.com"]
[Date "2023.09.05"]
[Round "3"]
[White "Murad_Ibrahimli"]
[Black "kushbhagat2009"]
[Result "1-0"]
[WhiteElo "2859"]
[BlackElo "2623"]
[TimeControl "180+1"]
[EndTime "8:28:27 PDT"]
[Termination "Murad_Ibrahimli won on time"]

1. e4 c5 2. Nf3 d6 3. d4 cxd4 4. Nxd4 Nf6 5. Nc3 g6 6. Be2 Bg7 7. O-O O-O 8. Be3 Nc6 9. Nb3 Be6 10. f4 Rc8 11. Kh1 a6 12. f5 Bd7 13. g4 Ne5 14.
Nd2 Rxc3 15. bxc3 Bc6 16. Bd4 Nxe4 17. Nxe4 Bxe4+ 18. Kg1 Qa5 19. Qd2 Rc8 20. Qf4 Bxc2 21. fxg6 fxg6 22. h3 Qd5 23. Rf2 Ba4 24. Raf1 Bc6 25.
Kh2 Rf8 26. Qe3 Rxf2+ 27. Qxf2 Bh6 28. g5 Bg7 29. Kg3 h6 30. h4 hxg5 31. hxg5 Nf7 32.
Bxg7 Kxg7 33. Qd4+ Qxd4 34. cxd4 Nxg5 35. Kf4 Ne6+ 36.
Ke3 Bd5 37. a3 b5 38. Rc1 Kf6 39. Rc8 g5 40. Bg4 Nf4 41. Rf8+ Kg6 42. Rb8 Ng2+ 43. Kd2 Nh4 44. Rb6 Bc4 45. Rxa6 b4 46. Ra4 Bd5 47. Rxb4 e5 48. dxe5 dxe5 49. Rb5 Bc4 50. Rxe5 Kf6 51. Rc5 1-0

[Event "Early-Titled-Tuesday-Blitz-September-05-2023"]
[Site "Chess.com"]
[Date "2023.09.05"]
[Round "3"]
[White "JeRoma71"]
[Black "artooon"]
[Result "1-0"]
[WhiteElo "2817"]
[BlackElo "3041"]
[TimeControl "180+1"]
[EndTime "8:28:29 PDT"]
[Termination "JeRoma71 won by checkmate"]

1. Nf3 d5 2. g3 Bf5 3. Bg2 e6 4.
O-O c6 5. c4 h6 6. Qb3 Qb6 7. d3 Nf6 8. Be3 Qxb3 9. axb3 a6 10. Bd4 Nbd7 11. Bc3 Be7 12. Nbd2 O-O 13. b4 Nb6 14. c5 Nc8 15. Nb3 Nd7 16. Na5 Rb8 17.
Nd4 Bh7 18. Naxc6 bxc6 19. Rxa6 Bf6 20. Nxc6 Rb7 21. Rfa1 Re8 22. Ra8 Kf8 23. f4 Rc7 24. Ne5 Ne7 25. Nxd7+ Rxd7 26. Bxf6 gxf6 27. b5 Rb7 28.
Rxe8+ Kxe8 29. Ra8+ Kd7 30. c6+ Nxc6 31. bxc6+ Kxc6 32. Rh8 Bg6 33. Rxh6 Rxb2 34. Bf3 Kc5 35. h4 Kd4 36. h5 Bf5 37. g4 Bxd3 38. exd3 Kxd3 39. Rxf6 Ke3 40. Bg2 d4 41. Bf1 Rb1 42. Kg2 Rb2+ 43. Kg3 Rb1 44. Bc4 Rc1 45. Bxe6 Rg1+ 46. Kh2 Kf2 47.
Bf5 Rg2+ 48. Kh3 d3 49. Bxd3 Rg3+ 50. Kh4 Rxd3 51. Rxf7 Kf3 52. Kg5 Kg3 53. h6 Rd5+ 54.
Rf5 Rd7 55. Rb5 Rd8 56. Rb3+ Kg2 57. f5 Rb8 58. h7 Rd8 59. Kh6 Rd6+ 60. Kh5 Rd8 61.
g5 Kf2 62. g6 Rd1 63. Kh6 Rg1 64. h8=Q Kg2 65. Qb2+ Kf1 66. Qc1+ Kg2 67. Qd2+ Kh1 68. Rh3# 1-0

[Event "Early-Titled-Tuesday-Blitz-September-05-2023"]
[Site "Chess.com"]
[Date "2023.09.05"]
[Round "3"]
[White "psychokiller48"]
[Black "tptagain"]
[Result "0-1"]
[WhiteElo "2702"]
[BlackElo "2909"]
[TimeControl "180+1"]
[EndTime "8:28:29 PDT"]
[Termination "tptagain won by resignation"]

1. e4 c6 2. d4 d5 3. Nc3 dxe4 4. Nxe4 Bf5 5. Ng3 Bg6 6. Nf3 Nd7 7. Bd3 Bxd3 8.
Qxd3 e6 9. O-O Ngf6 10. Re1 Be7 11. c4 O-O 12. Bf4 Re8 13. Rad1 a5 14. h4 a4 15. h5 h6 16. Qc2 Qa5 17. Ne5 Bb4 18. Re3 Rad8 19. Nxf7 Kxf7 20. Qg6+ Kg8 21. Bxh6 Bf8 22.
Bxg7 Bxg7 23. h6 Re7 24. d5 Nf8 25. Qg5 N8h7 26. Qg6 cxd5 27. Nf5 Rdd7 28. Nxg7 Rxg7 29. hxg7 Rxg7 30. Qh6 Qb6 31. cxd5 exd5 32. Rf3 Qe6 33. Qf4 Rg6 34. Re3 Qf7 35. Rde1 Nf8 36. Re7 Rg4 37.
Qf5 Qg6 38. Qxg6+ Rxg6 39. Rxb7 N8d7 40. Rb4 Nc5 41. Re7 Rg7 42. Rb8+ Kh7 43. Rxg7+ Kxg7 44. f3 Nfd7 45. Ra8 d4 46. Kf2 Kf6 47. g4 Nd3+ 48.
Kg3 Nxb2 49. Ra6+ Ke5 50. Ra5+ Ke6 51. f4 d3 52. Ra6+ Ke7 53. Ra5 d2 54. Rd5 d1=Q 55.
Rxd1 Nxd1 56. Kf3 Nc3 57. a3 Nb5 58. Ke4 Nxa3 59. Kd4 Nb5+ 60. Kc4 Nc5 61. Kxb5 a3 62. Kxc5 a2 0-1

[Event "Early-Titled-Tuesday-Blitz-September-05-2023"]
[Site "Chess.com"]
[Date "2023.09.05"]
[Round "3"]
[White "rasmussvane"]
[Black "HSH1987"]
[Result "1-0"]
[WhiteElo "2969"]
[BlackElo "2746"]
[TimeControl "180+1"]
[EndTime "8:28:31 PDT"]
[Termination "rasmussvane won on time"]

1. Nf3 d6 2. d4 Nf6 3. Nc3 g6 4. e4 Bg7 5. Be3 c6 6. Qd2 b5 7. Bd3 Nbd7 8. a4 b4 9. Ne2 a5 10. O-O O-O 11. h3 Ba6 12. Ng3 c5 13. Bxa6 Rxa6 14.
c3 bxc3 15. bxc3 cxd4 16. cxd4 Qa8 17. Qd3 Rb8 18. Rfc1 Rab6 19. Rc7 Rb3 20. Qd1 R3b7 21. Rac1 Ne8 22. R7c3 Nef6 23. Qd3 Nb6 24. Qc2 h6 25. Rc6 Kh7 26. d5 Nbd7 27. Bd4 Rb4 28. Bc3 R4b7 29. h4 Rb6 30. Bd4 Rb4 31. h5 Qb7 32. Rc7 Qa6 33. hxg6+ fxg6 34. e5 dxe5 35. Bxe5 R8b7 36. Rc6 R4b6 37.
Bd4 Rxc6 38. dxc6 Rc7 39. Ne5 Nxe5 40. Bxe5 Rc8 41. Qc5 Nd7 42. cxd7 Rxc5 43. Rxc5 Qa7 44. Rd5 e6 45. d8=Q exd5 46. Bxg7 Qxg7 47. Qxd5 h5 48. Qxa5 Qa1+ 49. Nf1 Qd4 50. Qb5 h4 51. a5 h3 52.
gxh3 Qc3 53. Qb6 Qxh3 54. Qc7+ Kg8 55. a6 Qg4+ 56. Qg3 Qa4 57. Qb8+ Kh7 58. a7 Qg4+ 59. Qg3 Qa4 60. Qh3+ Kg7 61. Qc3+ 1-0

[Event "Early-Titled-Tuesday-Blitz-September-05-2023"]
[Site "Chess.com"]
[Date "2023.09.05"]
[Round "3"]
[White "AleksanderHnydiuk"]
[Black "sergoy"]
[Result "1-0"]
[WhiteElo "2524"]
[BlackElo "2891"]
[TimeControl "180+1"]
[EndTime "8:28:33 PDT"]
[Termination "AleksanderHnydiuk won by resignation"]

1. d4 Nf6 2. c4 e6 3. Nf3 d5 4.
Nc3 c6 5. Bg5 h6 6. Bh4 dxc4 7.
e4 g5 8. Bg3 b5 9. Be2 Bb7 10.
O-O Nbd7 11. Qc2 Nh5 12. Rad1 Nxg3 13. fxg3 Qb6 14. Kh1 O-O-O 15. a4 a6 16. b3 cxb3 17. Qxb3 b4 18. a5 Qc7 19. Na4 Kb8 20. Nd2 c5 21.
Rxf7 cxd4 22. Nb6 Nc5 23. Rxc7 Nxb3 24. Rxb7+ Kxb7 25. Nxb3 e5 26. Bc4 Bd6 27. Bd5+ Ka7 28. Rc1 Rhf8 29. Kg1 g4 30. Rc6 d3 31. Rc1 Rf6 32. Rd1 Bc7 33. Nc4 Rdf8 34. h3 gxh3 35. gxh3 Rf2 36. Nc5 Rc2 37. Nxd3 Rf3 38. Nxb4 Rxg3+ 39. Kf1 Rf3+ 40. Ke1 Rh2 41. Nc6+ Kb7 42. N6xe5+ Kc8 43.
Nxf3 Bg3+ 44. Kf1 Rf2+ 45. Kg1 Rxf3 46. e5 Rc3 47. e6 Bh4 48. Kg2 Kc7 49. Rf1 Rd3 50.
Rf7+ Kb8 51. Rd7 Rg3+ 52. Kf1 Rd3 53. Nb6 Rxd5 54. Rxd5 Kc7 55. Rd7+ Kc6 56. e7 Bxe7 57. Rxe7 Kb5 58. Rh7 Kxa5 59. Rxh6 Kb5 60. Rg6 a5 61. h4 a4 62. h5 a3 63. Nd5 Kc4 64. Nb6+ Kb5 65. Rg2 Kxb6 66. Ra2 Kc5 67. Rxa3 Kb4 68. Rg3 Kc4 69. Kg2 Kd4 70. h6 Ke4 71. h7 Kf4 1-0

[Event "Early-Titled-Tuesday-Blitz-September-05-2023"]
[Site "Chess.com"]
[Date "2023.09.05"]
[Round "3"]
[White "McCarthyStone"]
[Black "Chernobay_Artem"]
[Result "1/2-1/2"]
[WhiteElo "2433"]
[BlackElo "2600"]
[TimeControl "180+1"]
[EndTime "8:28:33 PDT"]
[Termination "Game drawn by stalemate"]

1. e4 e5 2. Nf3 Nc6 3. Nc3 Nf6 4.
d3 Bc5 5. h3 h6 6. g3 d5 7. exd5 Nxd5 8. Bg2 Nxc3 9. bxc3 O-O 10. O-O Bb6 11. Re1 Re8 12. a4 a5 13. d4 Bf5 14. Nxe5 Nxe5 15. dxe5 Qxd1 16. Rxd1 Rxe5 17. Bf4 Re2 18. Rd2 Rae8 19. Kf1 Rxd2 20. Bxd2 Bxc2 21. Bxb7 Bd3+ 22. Kg2 Re2 23. Be1 Bc4 24. Kf3 Rb2 25. Be4 g6 26. g4 Kg7 27. Kg3 Kf6 28. h4 g5 29. h5 Ke5 30. Bf3 Bc5 31. Kg2 f5 32. gxf5 Kxf5 33. Rd1 g4 34. Bd5 Be2 35. Rd2 Rxd2 36. Bxd2 Bd1 37. Bxh6 Bxa4 38. Bg7 Be8 39. h6 Bg6 40. Bg8 a4 41. c4 a3 42. h7 Bxh7 43. Bxh7+ Kf4 44. Bh6+ Ke5 45. Bg7+ Kf4 46. Bb1 Bb4 47.
Bh6+ Ke5 48. Kg3 c5 49. Kxg4 Kd4 50. Ba2 Kc3 51. Bg7+ Kc2 52. Kf3 Bc3 53. Bxc3 Kxc3 54. Ke2 Kb2 55. Kd2 Kxa2 56. Kc2 Ka1 57. Kc1 a2 58. f4 1/2-1/2

[Event "Early-Titled-Tuesday-Blitz-September-05-2023"]
[Site "Chess.com"]
[Date "2023.09.05"]
[Round "3"]
[White "Cambek64"]
[Black "PepeCuenca"]
[Result "0-1"]
[WhiteElo "2488"]
[BlackElo "2722"]
[TimeControl "180+1"]
[EndTime "8:28:35 PDT"]
[Termination "PepeCuenca won on time"]

1. d4 d5 2. Nf3 Nf6 3. c4 e6 4. Nc3 Be7 5. Bg5 h6 6. Bxf6 Bxf6 7. e3 O-O 8. cxd5 exd5 9. Bd3 c6 10. h3 Nd7 11. Qc2 Re8 12. O-O Nf8 13. Rfb1 a5 14.
a3 Be7 15. Na4 b5 16. Nc5 Bd6 17. b4 Nd7 18. a4 axb4 19. Rxb4 Nxc5 20. dxc5 Bc7 21.
Rab1 bxa4 22. Rxa4 Rxa4 23. Qxa4 Bd7 24. Rb7 Bb8 25. Qb4 Bc7 26. Nd4 Be5 27. Qb6 Qf6 28. Rxd7 Bxd4 29. exd4 Re1+ 30. Bf1 Qxd4 31. Qd8+ Kh7 32.
Re7 Rd1 33. Qd7 Kg6 34. Qg4+ Qxg4 35. hxg4 Rc1 36. Rd7 Rxc5 37. f4 Kf6 38. Kf2 Rc3 39. Be2 Ke6 40. Ra7 g6 41. g3 d4 42. Bf3 c5 43.
Ra6+ Ke7 44. Bd5 Rc2+ 45. Kf3 Rc3+ 46. Ke2 Rxg3 47. Ra7+ Kd6 48. Bxf7 Rxg4 49. Kd3 Rxf4 50. Ra6+ Ke5 51. Rxg6 Rf3+ 0-1